 Dungeon Sprint DCSS version 0.24-a0-536-gdd4cf15 (webtiles) character file.

Game seed: 14609529728143234273

9970 Faca the Slayer (level 11, -13/127 HPs)
             Began as a Minotaur Fighter on Aug 13, 2019.
             Was the Champion of the Shining One.
             Mangled by an orc knight
             ... wielding a +2 great mace
              (22 damage)
             ... in the Dungeon (Sprint IX: "|||||||||||||||||||||||||||||").
             The game lasted 00:06:06 (2120 turns).

Faca the Slayer (Minotaur Fighter)                  Turns: 2120, Time: 00:06:06

Health: -13/127    AC: 14    Str: 24    XL:     11   Next: 30%
Magic:  5/10       EV:  5    Int:  8    God:    the Shining One [******]
Gold:   1258       SH: 10    Dex: 13    Spells: 10/10 levels left

rFire    . . .     SeeInvis .   q - +2 scimitar (flame)
rCold    + . .     Gourm    .   c - +0 shield
rNeg     + + +     Faith    .   B - +2 chain mail {rC+}
rPois    .         Spirit   .   (helmet restricted)
rElec    .         Reflect  .   s - +0 cloak
rCorr    .         Harm     .   y - +0 pair of gloves
MR       .....     NoTele   +   z - +0 pair of boots
Stlth    ..........             (no amulet)
HPRegen  0.31/turn              v - +3 ring of dexterity
MPRegen  0.12/turn              u - +3 ring of intelligence

@: glowing
A: retaliatory headbutt, horns 2
a: Divine Shield, Cleansing Flame, Summon Divine Warrior, Brand Weapon With Holy
Wrath, Renounce Religion


You were in the Dungeon.
You worshipped the Shining One.
The Shining One was exalted by your worship.
You were not hungry.

You visited 1 branch You collected 1258 gold pieces.

Inventory:

Hand Weapons
 q - a +2 scimitar of flaming (weapon)
 r - a +2 rapier of electrocution
Armour
 c - a +0 shield (worn)
 s - a +0 cloak (worn)
 y - a +0 pair of gloves (worn)
 z - a +0 pair of boots (worn)
 B - a +2 chain mail of cold resistance (worn)
Jewellery
 u - a +3 ring of intelligence (right hand)
 v - a +3 ring of dexterity (left hand)
 x - an uncursed amulet of guardian spirit
Wands
 p - a wand of acid (10)
Scrolls
 b - 2 scrolls of enchant weapon
 g - 2 scrolls of identify
 k - 2 scrolls of blinking
 n - 4 scrolls of remove curse
 o - 2 scrolls of amnesia
 w - a scroll of fear
Potions
 a - a potion of mutation
 d - 3 potions of might
 e - 5 potions of curing
 h - 2 potions of haste
 i - 4 potions of magic
 j - 2 potions of berserk rage
 l - a potion of invisibility
Comestibles
 f - 12 rations


   Skills:
 + Level 21.5 Fighting
 + Level 21.4 Long Blades
 - Level 3.6 Armour
 - Level 3.6 Shields


You had 10 spell levels left.
You didn't know any spells.
Your spell library was empty.

Dungeon Overview and Level Annotations

Branches:
Dungeon (1/1)

Altars:
Cheibriados
Dithmenos
Elyvilon
Fedhas
Gozag
Hepliaklqana
Kikubaaqudgha
Makhleb
Nemelex Xobeh
Okawaru
Qazlal
Ru
Sif Muna
Trog
Uskayaw
Vehumet
Wu Jian
Xom
Yredelemnul
Zin
The Shining One
Beogh
Jiyva
Lugonu

Shops:
D *


Innate Abilities, Weirdness & Mutations

You reflexively headbutt those who attack you in melee.
You have a pair of horns on your head.


Message History

The orc warrior barely misses you.
You feel much better.
You feel sick.
The orc knight no longer looks unusually strong.
You block the orc knight's attack. You block the orc warrior's attack.
The golden flame engulfs you but does no damage.
You resist.
The golden flame engulfs the orc knight but does no damage.
The orc knight is heavily wounded.
The golden flame engulfs the orc warrior.
The orc warrior is lightly wounded.
You feel somewhat more hungry.
You feel sick.
The orc knight hits you with a +2 great mace!!
* * * LOW HITPOINT WARNING * * *
The orc warrior hits you from afar with a +0 glaive of venom!!
* * * LOW HITPOINT WARNING * * *
You are lethally poisoned!
Unknown command.
You feel better.
The orc knight hits you with a +2 great mace!!
You die...

..')....'________________________
▓▓▓▓▓▓▓▓▓▓▓▓▓▓▓▓▓▓▓▓▓▓▓▓▓▓▓▓▓▓▓▓▓
.................................
▓▓▓▓▓▓▓▓▓▓▓▓▓▓▓▓▓▓▓▓▓▓▓▓▓▓▓▓▓▓▓▓▓
.....(}......÷†........÷....÷....
▓▓▓▓▓▓▓▓▓▓▓▓▓▓▓▓▓▓▓▓▓▓▓▓▓▓▓▓▓▓▓▓▓
.......).........................
▓▓▓▓▓▓▓▓▓▓▓▓▓▓▓▓▓▓▓▓▓▓▓▓▓▓▓▓▓▓▓▓▓
.....'))))[).)..@ooo))))))).....'
▓▓▓▓▓▓▓▓▓▓▓▓▓▓▓▓▓▓▓▓▓▓▓▓▓▓▓▓▓▓▓▓▓


You could see an orc knight and 2 orc warriors.

Vanquished Creatures
  Erolcha (D)
  Erica (D)
  An unseen horror (D)
  3 lindwurms (D)
  3 orc knights (D)
  3 spiny frogs (D)
  3 komodo dragons (D)
  2 tyrant leeches (D)
  3 hippogriffs (D)
  A vampire (D)
  A hungry ghost (D)
  A soldier ant (D)
  4 water moccasins (D)
  3 porcupines (D)
  10 orc warriors (D)
  A sky beast (D)
  An ice beast (D)
  A centaur (D)
  2 crocodiles (D)
  A bullfrog (D)
  A scorpion (D)
  A killer bee (D)
  A crimson imp (D)
  3 orc priests (D)
  A hound (D)
  An iguana (D)
  An orc wizard (D)
  A worker ant (D)
  A shadow imp (D)
  3 worms (D)
  10 orcs (D)
  2 kobolds (D)
  A quokka (D)
  A frilled lizard (D)
  2 goblins (D)
  A leopard gecko skeleton (D)
77 creatures vanquished.

Notes
Turn   | Place    | Note
-------+----------+-------------------------------------------
     0 | D        | Faca the Minotaur Fighter began the quest for the Orb.
     0 | D        | Reached XP level 1. HP: 19/19 MP: 0/0
    23 | D        | Noticed a scorpion
    23 | D        | Noticed a centaur
    23 | D        | Noticed a worker ant
    25 | D        | Reached skill level 5 in Fighting
    25 | D        | Reached XP level 2. HP: 14/29 MP: 1/1
    29 | D        | Killed a scorpion
    29 | D        | Reached XP level 3. HP: 20/39 MP: 2/2
    36 | D        | Killed a centaur
    36 | D        | Reached XP level 4. HP: 35/50 MP: 3/3
    36 | D        | Reached XP level 5. HP: 40/57 MP: 4/4
   150 | D        | Found a roughly hewn altar of Beogh.
   150 | D        | Found a snail-covered altar of Cheibriados.
   150 | D        | Found a shadowy altar of Dithmenos.
   150 | D        | Found a white marble altar of Elyvilon.
   150 | D        | Found a blossoming altar of Fedhas.
   150 | D        | Found an opulent altar of Gozag.
   151 | D        | Found a hazy altar of Hepliaklqana.
   152 | D        | Found a viscous altar of Jiyva.
   153 | D        | Found an ancient bone altar of Kikubaaqudgha.
   154 | D        | Found a corrupted altar of Lugonu.
   155 | D        | Found a burning altar of Makhleb.
   156 | D        | Found a sparkling altar of Nemelex Xobeh.
   157 | D        | Found an iron altar of Okawaru.
   158 | D        | Found a stormy altar of Qazlal.
   159 | D        | Found a sacrificial altar of Ru.
   160 | D        | Found a shimmering blue altar of Sif Muna.
   161 | D        | Found a bloodstained altar of Trog.
   162 | D        | Found a hide-covered altar of Uskayaw.
   163 | D        | Found a radiant altar of Vehumet.
   164 | D        | Found an ornate altar of the Wu Jian Council.
   165 | D        | Found a shimmering altar of Xom.
   166 | D        | Found a basalt altar of Yredelemnul.
   167 | D        | Found a glowing silver altar of Zin.
   168 | D        | Found a glowing golden altar of the Shining One.
   190 | D        | Became a worshipper of the Shining One
   227 | D        | Noticed an ice beast
   227 | D        | Reached * piety under the Shining One
   227 | D        | Noticed a hungry ghost
   231 | D        | Reached ** piety under the Shining One
   231 | D        | Reached skill level 10 in Fighting
   233 | D        | Reached skill level 10 in Long Blades
   234 | D        | Killed an ice beast
   234 | D        | Reached XP level 6. HP: 68/68 MP: 5/5
   240 | D        | Killed a hungry ghost
   353 | D        | Noticed a sky beast
   353 | D        | Noticed a vampire
   353 | D        | Noticed a soldier ant
   353 | D        | Reached *** piety under the Shining One
   354 | D        | Noticed an unseen horror
   355 | D        | Killed a sky beast
   355 | D        | Reached XP level 7. HP: 79/79 MP: 6/6
   366 | D        | Killed a vampire
   371 | D        | Killed an unseen horror
   371 | D        | Reached skill level 15 in Fighting
   371 | D        | Reached XP level 8. HP: 42/91 MP: 7/7
   374 | D        | Reached skill level 15 in Long Blades
   719 | D        | Noticed a spiny frog
   719 | D        | Reached **** piety under the Shining One
   719 | D        | Noticed a spiny frog
   719 | D        | Noticed a hippogriff
   722 | D        | Killed a spiny frog
   726 | D        | Noticed a spiny frog
   731 | D        | Killed a spiny frog
   731 | D        | Reached XP level 9. HP: 84/101 MP: 8/8
   738 | D        | Reached ***** piety under the Shining One
   747 | D        | Killed a spiny frog
   932 | D        | Noticed a komodo dragon
   932 | D        | Noticed a komodo dragon
   935 | D        | Noticed a komodo dragon
   940 | D        | Killed a komodo dragon
   952 | D        | Killed a komodo dragon
   952 | D        | Reached XP level 10. HP: 49/114 MP: 9/9
   956 | D        | HP: 5/114 [komodo dragon (23)]
   957 | D        | HP: 2/114 [komodo dragon (21)]
  1285 | D        | Noticed a lindwurm
  1285 | D        | Noticed a lindwurm
  1285 | D        | Noticed a lindwurm
  1285 | D        | Reached ****** piety under the Shining One
  1300 | D        | Killed a lindwurm
  1309 | D        | Killed a lindwurm
  1315 | D        | Killed a lindwurm
  1596 | D        | Noticed Erolcha
  1605 | D        | Killed Erolcha
  1654 | D        | Noticed Erica
  1665 | D        | Killed Erica
  1716 | D        | Noticed an orc knight
  1719 | D        | Reached XP level 11. HP: 124/126 MP: 10/10
  1727 | D        | Killed an orc knight
  1777 | D        | Noticed an orc knight
  1802 | D        | Killed an orc knight
  2086 | D        | Found Yrody's General Store.
  2086 | D        | Noticed an orc knight
  2086 | D        | Noticed an orc knight
  2113 | D        | Killed an orc knight
  2119 | D        | HP: 4/127 [orc warrior/+0 glaive of venom (27)]
  2120 | D        | Mangled by an orc knight

Levels and vault maps discovered:
D:        linesprint [early_d, line_temple, items_1, d_10, items_2, lair_1,
          lair_end, items_3, orc_1, orc_end, items_4, d_15, swamp_1, shoals_1,
          snake_1, spider_1, d_20, vaults_1, items_5, swamp_end, shoals_end,
          snake_end, spider_end, vaults_end, d_27, items_6, zot_1, zot_end,
          crypt_end, forest_end, elf_end, slime_end, tomb_end, abyss_end,
          pan_hell_end]

Skill      XL: |  1  2  3  4  5  6  7  8  9 10 11 |
---------------+----------------------------------+-----
Fighting       | 5 7 9 11 13 15 16 18 20 21 | 21.5
Long Blades    | 4 6 8 11 12 14 16 18 20 21 | 21.4
Armour         | |  3.6
Shields        | |  3.6

Action                   |  1- 3 |  4- 6 |  7- 9 | 10-12 || total
-------------------------+-------+-------+-------+-------++-------
Melee: Long sword        |    22 |     5 |       |       ||    27
       Headbutt          |     4 |     7 |    14 |    31 ||    56
       Scimitar          |       |    16 |    71 |   133 ||   220
Invok: Cleansing Flame   |       |       |       |     1 ||     1
  Use: Potion            |     1 |       |       |     5 ||     6
  Eat: Chunk             |       |     1 |     2 |     4 ||     7
Armor: Scale mail        |     6 |     1 |       |       ||     7
       Chain mail        |       |     4 |    20 |    28 ||    52
Dodge: Dodged            |     6 |     3 |     8 |    23 ||    40
Block: Shield            |     9 |     5 |    31 |    32 ||    77
       Rpst.: Long sword |     1 |     1 |       |       ||     2
       Scimitar          |       |     2 |     1 |     3 ||     6

Table legend:
 A = Non-vault XP
 B = Vault XP
 C = Vault XP percentage of total XP
 D = Non-vault monster count
 E = Vault monster count
 F = Vault count percentage of total count
                 A         B        C        D         E       F
            +---------+---------+-------+---------+---------+-------
      Total |       0 |   14244 | 100.0 |       0 |      77 | 100.0
            +---------+---------+-------+---------+---------+-------
          D |       0 |   14244 | 100.0 |       0 |      77 | 100.0
            +---------+---------+-------+---------+---------+-------
